 Dungeon Crawl Stone Soup version 0.27.0-1-g7a089689b8 (webtiles) character file.

Game seed: 3598419833489513949

158 UberPyro the Cutter (level 5, -2/36 HPs)
             Began as an Octopode Monk on Aug 6, 2021.
             Slain by an orc (8 damage)
             ... on level 4 of the Dungeon.
             The game lasted 00:03:37 (3292 turns).

UberPyro the Cutter (Octopode Monk)                 Turns: 3292, Time: 00:03:40

Health: -2/36      AC:  1    Str: 12    XL:     5   Next: 40%
Magic:  5/5        EV: 14    Int: 12    God:
Gold:   150        SH:  0    Dex: 14    Spells: 4/4 levels left

rFire    . . .     SeeInvis .   a - +0 short sword
rCold    . . .     Faith    .   (no shield)
rNeg     . . .     Spirit   .   (helmet restricted)
rPois    .         Reflect  .   (no amulet)
rElec    .         Harm     .   (no ring)
rCorr    .         Rampage  .   (no ring)
Will     .....                  (no ring)
Stlth    ++++......             (no ring)
HPRegen  0.12/turn              (no ring)
MPRegen  0.09/turn              (no ring)
                                (no ring)
                                (no ring)

@: no status effects
A: almost no armour, amphibious, 8 rings, camouflage 1, gelatinous body 1,
(nimble swimmer 1), tentacles
a: no special abilities


You were on level 4 of the Dungeon.
You visited 1 branch of the dungeon, and saw 4 of its levels.

You collected 150 gold pieces.

Inventory:

Hand Weapons
 a - a +0 short sword (weapon)
Missiles
 g - 2 throwing nets (quivered)
Scrolls
 d - a scroll of identify
 e - a scroll of immolation {unknown}
Potions
 b - a potion of invisibility
 c - 2 potions of might
 f - 2 potions of flight {unknown}
 h - 2 potions of attraction {unknown}


   Skills:
 - Level 3.0 Fighting
 + Level 5.4 Short Blades
 - Level 3.0 Dodging
 + Level 4.2 Stealth


You had 4 spell levels left.
You didn't know any spells.
Your spell library contained the following spells:

 Spells                   Type           Power      Damage    Failure   Level
 Portal Projectile        Hex/Tloc       0%         N/A       69%         3
 Blade Hands              Tmut           0%         N/A       100%        5
 Excruciating Wounds      Necr           0%         N/A       100%        5


Dungeon Overview and Level Annotations

Branches:
Dungeon (4/15)
 Temple: D:4-7

Altars:

Shops:
D:1 ?


Innate Abilities, Weirdness & Mutations

You cannot wear most types of armour.
You are amphibious.
You can wear up to eight rings at the same time.
Your skin changes colour to match your surroundings (Stealth+).
Your rubbery body absorbs attacks. (AC +1, EV +1)
((You are camouflaged near water. (Stealth+)))
You have tentacles for arms and can constrict up to eight enemies at once.


Message History

The orc priest misses you.
You hit the orc priest. You grab the orc priest.
You squeeze the orc priest, but do no damage.
The orc priest is lightly wounded.
You constrict the orc priest. You hit the orc priest.
The orc priest is moderately wounded.
You constrict the orc priest, but do no damage.
The orc priest mumbles some strange prayers to Beogh against you.
Beogh smites you! The orc barely misses you.
You hear a shout!
You hit the orc priest.
You squeeze the orc priest, but do no damage.
The orc priest is heavily wounded.
You constrict the orc priest.
A hobgoblin comes into view.
The orc priest hits you with a +0 mace.
The orc priest looks satisfied for a moment.
You hit the orc priest but do no damage.
You squeeze the orc priest.
The orc priest is almost dead.
You constrict the orc priest.
You kill the orc priest!
The orc priest hits you with a +0 flail!
The orc hits you with a +0 dagger.
Your Stealth skill increases to level 4!
You barely miss the orc. You grab the orc.
You constrict the orc, but do no damage.
The orc barely misses you. The orc priest misses you.
You hit the orc. You squeeze the orc.
The orc is moderately wounded.
You constrict the orc, but do no damage.
The orc hits you with a +0 dagger. The orc barely misses you.
You hit the orc but do no damage. You squeeze the orc.
You kill the orc!
The orc priest mumbles some strange prayers to Beogh against you.
Pain shoots through your body!
* * * LOW HITPOINT WARNING * * *
The orc hits you with a +0 flail!
You die...

.# ##.#
...# # #..#
#.# #..#
....###>.
#.g.oo###.#
#..@<...#
#.)######
#.. #.. #..
... .##. .
#.


You could see an orc priest, an orc and a hobgoblin.

Vanquished Creatures
  An orc priest (D:4)
  8 gnolls
  An adder (D:3)
  3 worms
  A dart slug (D:1)
  An orc (D:4)
  2 endoplasms
  2 giant cockroaches
  2 hobgoblins (D:1)
  4 jackals
  A quokka (D:3)
  3 ball pythons
  4 bats
  A frilled lizard (D:3)
  A goblin (D:1)
  A kobold (D:1)
  3 rats
39 creatures vanquished.

Notes
Turn   | Place    | Note
-------+----------+-------------------------------------------
     0 | D:1      | UberPyro the Octopode Monk began the quest for the Orb.
     0 | D:1      | Reached XP level 1. HP: 16/16 MP: 1/1
   390 | D:1      | Reached XP level 2. HP: 20/21 MP: 2/2
   615 | D:1      | Found a faded altar of an unknown god.
   807 | D:1      | Found Nuos's Magic Scroll Emporium.
  1405 | D:2      | Reached skill level 4 in Short Blades
  1405 | D:2      | Reached XP level 3. HP: 13/26 MP: 3/3
  2204 | D:2      | Reached XP level 4. HP: 31/31 MP: 4/4
  2466 | D:3      | Reached skill level 5 in Short Blades
  2824 | D:3      | Reached XP level 5. HP: 16/36 MP: 5/5
  3292 | D:4      | Slain by an orc

Illustrated notes

Levels and vault maps discovered:
D:1:      shiori_arrival_oz, layout_basic, serial_shops, shop,
          ebering_ecumenical_altar_ruins
D:2:      layout_loops_ring, columned_hall_lemuel
D:3:      layout_basic, nrook_mini_vaults
D:4:      layout_loops_ring, kennysheep_path_1

Skill      XL: |  1  2  3  4  5 |
---------------+----------------+-----
Short Blades   | 4 5 |  5.4
Stealth        | 3 4 |  4.2
Fighting       | |  3.0
Dodging        | |  3.0

Action                   |  1- 3 |  4- 6 || total
-------------------------+-------+-------++-------
Melee: Short sword       |    52 |    37 ||    89
       Constrict         |    15 |    10 ||    25
       Tentacles         |    10 |    10 ||    20
  Use: Potion            |     1 |       ||     1
       Scroll            |       |     1 ||     1
 Stab: Sleeping          |     7 |     2 ||     9
       Distracted        |       |     1 ||     1
Armor: Skin              |     4 |     1 ||     5
Dodge: Dodged            |    29 |    13 ||    42
